 Dungeon Crawl Stone Soup version 0.31-a0-986-g5e6e4ef867 (webtiles) character file.

Game seed: 16386831781506565124

1382 jestert79 the Basher (level 8, -8/48 (58) HPs)
             Began as a Formicid Fighter on Nov 4, 2023.
             Was a Believer of Makhleb.
             Mangled by a wight
             ... wielding a +3 flail
              (11 damage)
             ... on level 6 of the Dungeon.
             The game lasted 00:16:22 (5346 turns).

jestert79 the Basher (Formicid Fighter)             Turns: 5346, Time: 00:16:22

HP:   -8/48 (58)    AC: 10    Str: 28    XL:     8   Next: 99%
MP:   0/10          EV:  8    Int:  9    God:    Makhleb [**....]
Gold: 139           SH:  5    Dex: 13    Spells: 7/7 levels left

rFire   . . .        a - +0 flail (drain)
rCold   . . .        c - +0 buckler
rNeg    . . .        v - +0 chain mail
rPois   +            (helmet unavailable)
rElec   .            (no cloak)
rCorr   .            (no gloves)
SInv    +            x - +0 pair of boots
Will    .....        b - amulet of guardian spirit Stlth
                     o - +6 ring of strength
HPRegen 0.28/turn    p - ring of poison resistance
MPRegen 0.12/turn

%: guardian spirit
@: heavily drained
A: permanent stasis, dig shafts and tunnels, antennae 3, four strong arms
a: Dig, Shaft Self, Renounce Religion, Minor Destruction


You were on level 6 of the Dungeon.
You worshipped Makhleb.
Makhleb was pleased with you.
You visited 1 branch of the dungeon, and saw 6 of its levels.

You collected 139 gold pieces.

Inventory:

Hand Weapons
 a - a +0 flail of draining (weapon)
Missiles
 r - 3 boomerangs (quivered)
 s - 37 stones
Armour
 c - a +0 buckler (worn)
 v - a +0 chain mail (worn)
 x - a +0 pair of boots (worn)
Jewellery
 b - an amulet of guardian spirit (around neck)
 i - an amulet of the acrobat
 o - a +6 ring of strength (left hand)
 p - a ring of poison resistance (right hand)
 B - a ring of magical power
Scrolls
 u - a scroll of poison
Potions
 h - 3 potions of mutation {unknown}
 j - a potion of brilliance
 l - 2 potions of magic
 n - a potion of ambrosia {unknown}
 q - 5 potions of curing {unknown}


   Skills:
 - Level 3.2 Fighting
 + Level 10.2 Maces & Flails
 - Level 3.2 Armour
 - Level 4.0 Shields
 - Level 3.0 Invocations


You had 7 spell levels left.
You didn't know any spells.
Your spell library contained the following spells:

 Spells                   Type           Power      Damage    Failure   Level
 Shock                    Conj/Air       0%         1d3       91%         1
 Sting                    Tmut/Pois      0%         1d3       91%         1
 Cigotuvi's Dreadful Rot  Necr/Pois/Air  0%         N/A       97%         2
 Airstrike                Air            0%         2d(0-16)  100%        4
 Dispel Undead            Necr           0%         3d6       100%        4
 Summon Forest            Summ/Tloc      0%         N/A       100%        5
 Summon Mana Viper        Hex/Summ       0%         N/A       100%        5
 Death Channel            Necr           0%         N/A       100%        6
 Summon Cactus Giant      Summ           0%         N/A       100%        6
 Swiftness                Air            Unusable   N/A       N/A         3

Dungeon Overview and Level Annotations

Branches:
Dungeon (6/15)             Temple (0/1) D:4

Altars:
Cheibriados
Makhleb
Okawaru
Sif Muna
Uskayaw
Wu Jian


Innate Abilities, Weirdness & Mutations

You cannot be hasted, slowed, berserked, paralysed or teleported.
You can dig through walls and to a lower floor.
You have a pair of large antennae on your head. (SInv)
Your four strong arms can wield two-handed weapons with a shield.


Message History

The wight is severely damaged.
You sock the wight!
You destroy the wight!
Makhleb accepts your kill.
You feel better.
You closely miss the wight. The wight hits you with a +3 flail.
You closely miss the wight. The wight hits you but does no damage.
You hit the wight.
The wight is lightly damaged.
The wight hits you with a +3 flail.
You feel drained.
You closely miss the wight.
The wight is lightly damaged.
The wight barely misses you.
You hit the wight.
The wight is moderately damaged.
The wight barely misses you.
You hit the wight but do no damage.
The wight is moderately damaged.
The wight hits you with a +3 flail.
You feel drained.
You barely miss the wight.
The wight is moderately damaged.
The wight hits you with a +3 flail!
You feel drained.
* * * LOW HITPOINT WARNING * * *
You hit the wight.
The wight is heavily damaged.
The wight hits you with a +3 flail.
* * * LOW HITPOINT WARNING * * *
You feel drained.
You closely miss the wight.
The wight is heavily damaged.
The wight hits you with a +3 flail!
* * * LOW HITPOINT WARNING * * *
You completely miss the wight.
The wight is heavily damaged.
The wight hits you with a +3 flail.
* * * LOW HITPOINT WARNING * * *
You closely miss the wight.
The wight is heavily damaged.
The wight hits you with a +3 flail!
You die...

... ..#...............
..! ..#######.........
###'####'##....#.........
..........#....'.........
..........#....#.........
..........#....######....
..........#....>....#....
.##.####z#####'##...#....
#######@##...)##...'....
#...............<..#.
#.............##...#
#.............######
#..............#
#..............#
#######.......##
#########


You could see a wight.

Vanquished Creatures
  Menkaure (D:6)
  Edmund (D:6)
  A water moccasin (D:5)
  An ice beast (D:5)
  A black bear (D:5)
  An ogre (D:5)
  A phantom (D:4)
  A scorpion (D:4)
  2 wights (D:6)
  3 orc priests
  3 hounds
  A jelly (D:5)
  A sleepcap (D:5)
  2 iguanas
  An orc wizard (D:4)
  Robin (D:3)
  6 adders
  2 ufetubi (D:5)
  3 worms
  4 dart slugs
  15 orcs
  6 ball pythons
  6 endoplasms
  13 giant cockroaches
  12 goblins
  10 hobgoblins
  11 jackals
  9 kobolds
  7 quokkas
  3 bats
  A frilled lizard (D:2)
  6 rats
136 creatures vanquished.

Notes
Turn   | Place    | Note
-------+----------+-------------------------------------------
     0 | D:1      | jestert79 the Formicid Fighter began the quest for the Orb.
     0 | D:1      | Reached XP level 1. HP: 18/18 MP: 1/1
    86 | D:1      | Reached XP level 2. HP: 22/24 MP: 2/2
   140 | D:1      | Reached skill level 3 in Maces & Flails
   294 | D:1      | Reached XP level 3. HP: 27/29 MP: 3/3
   864 | D:2      | Reached skill level 4 in Maces & Flails
   864 | D:2      | Reached XP level 4. HP: 23/35 MP: 4/4
  1278 | D:2      | Reached XP level 5. HP: 26/41 MP: 5/5
  1622 | D:2      | Reached skill level 5 in Maces & Flails
  1993 | D:3      | Identified the of Atef
  2216 | D:3      | Found a faded altar of an unknown god.
  2216 | D:3      | Identified the +3 scale mail of the Guardian {Dex+2}
  2225 | D:3      | Prayed at the altar of an unknown god.
  2225 | D:3      | Became a worshipper of Makhleb the Destroyer
  2225 | D:3      | Reached * piety under Makhleb
  2261 | D:3      | Noticed Robin
  2278 | D:3      | Killed Robin
  2595 | D:3      | Reached XP level 6. HP: 47/47 MP: 6/6
  2636 | D:3      | Identified the +1 robe of a wizard's laboratory {Int+2}
  2659 | D:3      | Found a hide-covered altar of Uskayaw.
  2711 | D:3      | Found an iron altar of Okawaru.
  2978 | D:4      | Reached skill level 6 in Maces & Flails
  3049 | D:4      | Found a shimmering blue altar of Sif Muna.
  3309 | D:4      | Reached ** piety under Makhleb
  3319 | D:4      | Found a staircase to the Ecumenical Temple.
  3407 | D:4      | Reached XP level 7. HP: 52/52 MP: 7/7
  3487 | D:4      | Reached skill level 7 in Maces & Flails
  3608 | D:5      | Entered Level 5 of the Dungeon
  3999 | D:5      | Reached skill level 8 in Maces & Flails
  3999 | D:5      | Reached skill level 1 in Invocations
  4123 | D:5      | Found a snail-covered altar of Cheibriados.
  4132 | D:5      | Found an ornate altar of the Wu Jian Council.
  4295 | D:5      | Reached XP level 8. HP: 56/58 MP: 8/10
  5013 | D:6      | Reached skill level 9 in Maces & Flails
  5025 | D:6      | Noticed Menkaure
  5162 | D:6      | Killed Menkaure
  5240 | D:6      | Noticed Edmund
  5252 | D:6      | Killed Edmund
  5331 | D:6      | Reached skill level 10 in Maces & Flails
  5345 | D:6      | HP: 2/48 [wight/+3 flail (3)]
  5346 | D:6      | Mangled by a wight

Illustrated notes

Levels and vault maps discovered:
D:1:      nzn_arrival_crosshair, layout_loops_ring
D:2:      minmay_roachtagon, layout_basic, serial_co_window_serial,
          co_window_corner_a, co_window_of_opportunity_a, co_window_paths_a,
          co_window_corner_a, co_window_cross_1, co_window_paths_a,
          co_window_corner_a, co_window_paths_a, co_window_paths_a,
          co_window_corner_ca, co_window_unsneaky_path_d, co_window_corner_b,
          co_window_of_opportunity_b, co_window_sun, glass_columns_a,
          glass_columns_c, minmay_tetromino_o2
D:3:      layout_rooms, okawaru_trees_1, nicolae_uskayaw_dance_hall,
          shapermc_ecumenical_altar_rom_forum, uniq_robin
D:4:      layout_rooms, lemuel_tele_altar, lemuel_temple_firewalk_b
D:5:      layout_cave_pods, mainiacjoe_overflow_large_starburst
D:6:      layout_gridville, uniq_duvessa, uniq_edmund, uniq_menkaure

Skill      XL: |  1  2  3  4  5  6  7  8 |
---------------+-------------------------+-----
Maces & Flails | 3 4 5 6 8 10 | 10.2
Invocations    | 2 3 |  3.0
Fighting       | |  3.2
Armour         | |  3.2
Shields        | |  4.0

Action                     |  1- 3 |  4- 6 |  7- 9 || total
---------------------------+-------+-------+-------++-------
  Melee: Flail             |   109 |   200 |   130 ||   439
  Throw: Boomerang         |       |       |    12 ||    12
 Invoke: Minor Destruction |       |       |     3 ||     3
    Use: Scroll            |       |       |    13 ||    13
         Potion            |       |       |     1 ||     1
 Armour: Scale mail        |    78 |    77 |       ||   155
         Chain mail        |       |    50 |   116 ||   166
  Dodge: Dodged            |    65 |    81 |    44 ||   190
  Block: Buckler           |    35 |    45 |    26 ||   106

Table legend: (Time is in decaauts)
 A = Elapsed time spent in this place.
 B = Non-inter-level travel time spent in this place.
 C = Inter-level travel time spent in this place.
 D = Time resting spent in this place.
 E = Time spent auto-exploring this place.
 F = Levels seen in this place.
 G = Mean time per level.
                   A        B        C        D        E       F      G
               +--------+--------+--------+--------+--------+-----+--------+
         Total |   5415 |   5003 |    412 |    821 |   2782 |   6 |  902.5 |
       Dungeon |   5415 |   5003 |    412 |    821 |   2782 |   6 |  902.5 |
               +--------+--------+--------+--------+--------+-----+--------+

Top non-repeatable levels by time:
     D:2: 1513 daAuts
     D:5: 1233 daAuts
     D:3: 775 daAuts
     D:1: 770 daAuts
     D:4: 699 daAuts
     D:6: 424 daAuts
